 Dungeon Crawl Stone Soup version 0.31-a0-703-gcfe89afef6 (webtiles) character file.

Game seed: 6201054537995479274

774 qw the Skirmisher (level 7, -5/44 HPs)
             Began as a Gargoyle Hunter on Sept 8, 2023.
             Slain by a gnoll
             ... wielding a +0 flail
              (6 damage)
             ... on level 5 of the Dungeon.
             The game lasted 00:01:55 (3245 turns).

qw the Skirmisher (Gargoyle Hunter)                 Turns: 3245, Time: 00:01:55

Health: -5/44      AC:  8    Str: 15    XL:     7   Next: 84%
Magic:  7/7        EV: 12    Int:  9    God:
Gold:   165        SH:  0    Dex: 19    Spells: 6/6 levels left

rFire   . . .        Y - +0 shortbow (drain)
rCold   . . .        (shield currently unavailable)
rNeg    + . .        p - +0 robe {Will+}
rPois   inf          o - +2 hat
rElec   +            (no cloak)
rCorr   .            (no gloves)
SInv    +            (no boots)
Will    +....        n - amulet "Lyugam" {Acrobat rElec Dex+4}
Stlth   ++           i - ring of see invisible
HPRegen 0.27/turn    (no ring)
MPRegen 0.10/turn

%: acrobat
@: about to teleport, weakened
A: sickness immunity, AC +4, negative energy resistance 1, electricity
resistance, torment resistance 1, petrification resistance
a: no special abilities


You were on level 5 of the Dungeon.
You visited 1 branch of the dungeon, and saw 5 of its levels.
You also visited: Sewer.

You collected 204 gold pieces.
You spent 39 gold pieces at shops.


Innate Abilities, Weirdness & Mutations

You are immune to sickness and miasma.
Your stone body is resilient. (AC +4)
You are immune to poison.
You resist negative energy. (rN+)
You are resistant to electric shocks. (rElec)
You are resistant to unholy torment.
You are immune to petrification.


   Skills:
 + Level 4.7 Fighting
 - Level 8.3 Ranged Weapons
 - Level 1.0 Armour
 - Level 2.0 Dodging
 - Level 1.1 Stealth


You had 6 spell levels left.
You didn't know any spells.
Your spell library was empty.

Inventory:

Hand Weapons
 Y - a +0 shortbow of draining (weapon)
Armour
 j - a +0 ring mail
 o - a +2 hat (worn)
 p - a +0 robe of willpower (worn)
Jewellery
 g - a ring of fire
 i - a ring of see invisible (left hand)
 n - the amulet "Lyugam" (around neck) {Acrobat rElec Dex+4}
   (You found it on level 3 of the Dungeon)

   [amulet of the acrobat]

   Acrobat:   It increases your evasion while moving and waiting.
   Dex+4:     It affects your dexterity (+4).
   rElec:     It insulates you from electricity.
Scrolls
 b - a scroll of teleportation
 h - a scroll of identify
Potions
 a - 6 potions of enlightenment
 c - a potion of heal wounds
 d - a potion of berserk rage {unknown}
 e - 4 potions of curing
 k - a potion of might {unknown}
 l - 3 potions of mutation
 m - a potion of haste

Dungeon Overview and Level Annotations

Branches:
Dungeon (5/15)              Sewer (visited)
 Temple: D:4-7

Altars:
Ashenzari
Gozag
Zin
The Shining One

Shops:
D:1 !?*   D:2 !


Message History

There is a stone staircase leading up here.
There are monsters nearby!
Waypoint 5 assigned to D:5.
3240 ||| STAIRDANCE The gnoll throws a throwing net.
The throwing net hits you.
You become entangled in the net!
You stop ascending the stairs.
The gnoll bouda gazes fiercely through you!
You feel your attacks grow feeble. The gnoll hits you with a +0 flail!
The gnoll barely misses you.
You struggle against the net.
The gnoll closely misses you. The gnoll hits you but does no damage.
The gnoll hits you with a +0 halberd.
You tear a large gash into the net.
The scorpion stings you but does no damage.
The gnoll hits you but does no damage. The gnoll barely misses you.
The gnoll hits you but does no damage. x2
You rip the net and break free!
Your attacks no longer feel as feeble.
The scorpion completely misses you. The gnoll hits you with a +0 flail!
The gnoll barely misses you. x2; The gnoll misses you.
The gnoll hits you from afar with a +0 spear.
The gnoll barely misses you. The gnoll hits you with a +0 halberd!
You shoot an arrow.
The arrow hits the scorpion but does no damage.
You drain the scorpion.
The scorpion is lightly wounded.
The scorpion misses you. The scorpion stings you.
The gnoll barely misses you. x2
The gnoll bouda gazes fiercely through you!
You feel your attacks grow feeble. The gnoll hits you but does no damage.
The gnoll barely misses you. The gnoll hits you but does no damage.
The gnoll closely misses you. The gnoll hits you with a +0 flail.
The gnoll closely misses you.
3245 ||| READING 2 scrolls of teleportation.
As you read the scroll of teleportation, it crumbles to dust.
You feel strangely unstable.
An adder comes into view.
The scorpion closely misses you. The gnoll hits you but does no damage.
The gnoll hits you from afar with a +0 halberd.
The gnoll hits you with a +0 flail.
You die...

.. >.$ ..#
...
##.#####
###.[g...#
.S...gggg#
#.ggs@g#
#..gg..#
########


You could see a gnoll bouda, a scorpion (drained), 9 gnolls and an adder
(wandering).

Vanquished Creatures
  Menkaure (D:4)
  2 ogres (D:4)
  2 scorpions (D:4)
  A hound (D:4)
  Natasha (thrice) (D:3)
  A sleepcap (D:4)
  3 gnolls (D:4)
  9 adders
  4 river rats
  3 worms
  2 dart slugs
  9 bats
  10 endoplasms
  5 giant cockroaches
  12 goblins
  11 hobgoblins
  A jackal (Sewer)
  7 quokkas
  14 ball pythons
  6 frilled lizards
  7 kobolds
  9 rats
122 creatures vanquished.

Notes
Turn   | Place    | Note
-------+----------+-------------------------------------------
     0 | D:1      | qw the Gargoyle Hunter began the quest for the Orb.
     0 | D:1      | Reached XP level 1. HP: 12/12 MP: 1/1
     0 | D:1      | 0 ||| qw: Version: 0.3-a-76-g4403597
     0 | D:1      | 0 ||| qw: Game counter: 1279
     0 | D:1      | 0 ||| qw: Melee chars always use a shield: true
     0 | D:1      | 0 ||| qw: God list: Okawaru
     0 | D:1      | 0 ||| qw: Allow faded altars: false
     0 | D:1      | 0 ||| qw: Do Orc after clearing Dungeon:15 true
     0 | D:1      | 0 ||| qw: Do second Lair branch before Depths: true
     0 | D:1      | 0 ||| qw: Lair rune preference: random
     0 | D:1      | 0 ||| qw: Goals: Normal
     0 | D:1      | 0 ||| PLANNING D:1-11
    13 | D:1      | Found Veolargh's General Store.
    21 | D:1      | 21 ||| SHOPLISTING +0 cloak (63 gold, have 0).
    21 | D:1      | 21 ||| SHOPLISTING +2 orcbow of draining (256 gold, have
                  | 0).
    21 | D:1      | 21 ||| SHOPLISTING potion of might (56 gold, have 0).
   122 | D:1      | Found Imosif's Distillery.
   135 | D:1      | 135 ||| SHOPLISTING 2 potions of curing (84 gold, have 12).
   135 | D:1      | 135 ||| SHOPLISTING 2 potions of mutation (224 gold, have
                  | 12).
   135 | D:1      | 135 ||| SHOPLISTING potion of curing (42 gold, have 12).
   135 | D:1      | 135 ||| SHOPLISTING potion of enlightenment (70 gold, have
                  | 12).
   135 | D:1      | 135 ||| SHOPLISTING potion of mutation (112 gold, have 12).
   149 | D:1      | Reached XP level 2. HP: 9/17 MP: 2/2
   295 | D:1      | Found Cualuc's Magic Scroll Boutique.
   306 | D:1      | 306 ||| SHOPLISTING scroll of identify (24 gold, have 19).
   306 | D:1      | 306 ||| SHOPLISTING scroll of teleportation (36 gold, have
                  | 19).
   412 | D:1      | Reached XP level 3. HP: 21/21 MP: 3/3
   485 | D:1      | Reached skill level 5 in Ranged Weapons
   577 | D:1      | 577 ||| UPGRADING to +0 ring mail.
   587 | D:1      | 587 ||| DROPPING +0 leather armour.
   588 | D:1      | 588 ||| READING scroll labelled FIZILI IHAEZA.
   593 | D:1      | 593 ||| READING scroll labelled WARGHE EMPU.
   594 | D:1      | 594 ||| DROPPING scroll of butterflies.
   674 | D:2      | Reached skill level 1 in Armour
   998 | D:2      | Reached skill level 3 in Fighting
   998 | D:2      | Reached XP level 4. HP: 28/28 MP: 4/4
  1111 | D:2      | Found Vaysoh's Distillery.
  1120 | D:2      | 1120 ||| SHOPLISTING 2 potions of curing (78 gold, have
                  | 77).
  1120 | D:2      | 1120 ||| BUYING potion of curing (39 gold).
  1120 | D:2      | Bought a potion of curing for 39 gold pieces
  1120 | D:2      | 1120 ||| SHOPLISTING potion of might (52 gold, have 38).
  1228 | D:2      | 1228 ||| DROPPING scarf of harm.
  1229 | D:2      | 1229 ||| UPGRADING to +2 hat.
  1234 | D:2      | 1234 ||| UPGRADING to ring of see invisible.
  1235 | D:2      | 1235 ||| READING scroll labelled EQEMAM KAEDU.
  1236 | D:2      | 1236 ||| READING scroll labelled XAGODA NIYN.
  1237 | D:2      | 1237 ||| READING 2 scrolls labelled QAEK HONTAUCISE.
  1238 | D:2      | 1238 ||| READING scroll labelled XUOPNO VALOMENK.
  1239 | D:2      | 1239 ||| DRINKING 3 metallic ruby potions.
  1240 | D:2      | 1240 ||| DRINKING 2 lumpy green potions.
  1241 | D:2      | 1241 ||| DRINKING 2 purple potions.
  1242 | D:2      | 1242 ||| DROPPING 2 potions of attraction.
  1268 | D:3      | Found a faded altar of an unknown god.
  1269 | D:3      | 1269 ||| PLANNING SEWER
  1383 | D:3      | Noticed Natasha
  1386 | D:3      | Killed Natasha
  1505 | D:3      | Noticed Natasha
  1508 | D:3      | Found a broken altar of Ashenzari.
  1521 | D:3      | HP: 6/28 [Natasha/puff of flame (5)]
  1522 | D:3      | 1522 ||| DRINKING potion of heal wounds.
  1524 | D:3      | Killed Natasha
  1525 | D:3      | Reached XP level 5. HP: 32/32 MP: 5/5
  1538 | D:3      | Found an opulent altar of Gozag.
  1540 | D:3      | Found a glowing silver altar of Zin.
  1559 | D:3      | Identified the amulet "Lyugam" {Acrobat rElec Dex+4}
  1588 | D:3      | Noticed Natasha
  1591 | D:3      | Killed Natasha
  1592 | D:3      | Reached skill level 6 in Ranged Weapons
  1616 | D:3      | Found a glowing drain.
  1617 | D:3      | 1617 ||| UPGRADING to amulet "Lyugam" {Acrobat rElec
                  | Dex+4}.
  1622 | D:3      | 1622 ||| READING scroll labelled ASIWOC SEIRUF.
  1623 | D:3      | 1623 ||| READING 2 scrolls labelled OQUOGHYAFF.
  1624 | D:3      | 1624 ||| READING scroll labelled ENKE ULLALICO.
  1625 | D:3      | 1625 ||| DRINKING 2 white potions.
  1626 | D:3      | 1626 ||| DRINKING 3 potions of curing.
  1626 | D:3      | 1626 ||| (to cure confusion)
  1627 | D:3      | 1627 ||| DRINKING 2 pink potions.
  1664 | D:3      | 1664 ||| READING 2 scrolls of identify.
  1664 | D:3      | 1664 ||| IDENTIFYING viscous grey potion
  1665 | D:3      | 1665 ||| DROPPING potion of invisibility.
  1666 | D:3      | 1666 ||| DROPPING potion of ambrosia.
  1667 | D:3      | 1667 ||| DROPPING potion of lignification.
  1668 | D:3      | 1668 ||| DROPPING scroll of fear.
  1719 | Sewer    | Entered a sewer
  1873 | Sewer    | 1873 ||| Stepping ~*~*~tactically~*~*~ (water).
  1900 | Sewer    | 1900 ||| Stepping ~*~*~tactically~*~*~ (water).
  1902 | Sewer    | 1902 ||| Stepping ~*~*~tactically~*~*~ (water).
  1906 | Sewer    | 1906 ||| Stepping ~*~*~tactically~*~*~ (water).
  1908 | Sewer    | 1908 ||| Stepping ~*~*~tactically~*~*~ (water).
  1921 | Sewer    | 1921 ||| Stepping ~*~*~tactically~*~*~ (water).
  1941 | Sewer    | 1941 ||| Stepping ~*~*~tactically~*~*~ (water).
  1974 | Sewer    | Reached XP level 6. HP: 38/38 MP: 6/6
  2216 | Sewer    | 2216 ||| DROPPING +2 hat.
  2224 | D:3      | 2224 ||| PLANNING D:1-11
  2362 | D:3      | 2362 ||| READING scroll labelled ZOICZU OKHLUDISH.
  2457 | D:4      | Reached skill level 7 in Ranged Weapons
  2487 | D:4      | Reached XP level 7. HP: 43/43 MP: 7/7
  2609 | D:4      | Found a glowing golden altar of the Shining One.
  2835 | D:4      | Noticed Menkaure
  2837 | D:4      | 2837 ||| RETREATING.
  2839 | D:4      | 2839 ||| Stepping ~*~*~tactically~*~*~ (outnumbered).
  2853 | D:4      | Killed Menkaure
  2854 | D:4      | Reached skill level 8 in Ranged Weapons
  3181 | D:4      | 3181 ||| UPGRADING to +0 robe of willpower.
  3191 | D:4      | 3191 ||| READING scroll labelled GIOCKE BUCW.
  3224 | D:4      | 3224 ||| READING scroll labelled VIMI HEYCSU.
  3239 | D:5      | Entered Level 5 of the Dungeon
  3240 | D:5      | 3240 ||| STAIRDANCE
  3244 | D:5      | HP: 10/44 [scorpion (2)]
  3244 | D:5      | HP: 4/44 [gnoll/+0 flail[a gnoll bouda] (6)]
  3245 | D:5      | 3245 ||| READING 2 scrolls of teleportation.
  3245 | D:5      | HP: 1/44 [gnoll/+0 halberd[a gnoll bouda] (4)]
  3245 | D:5      | Slain by a gnoll

Levels and vault maps discovered:
D:1:      amcnicky_arrival_single_pillar, layout_basic, serial_shops, shop,
          shop_statue, shop, nicolae_houndstooth_variations
D:2:      layout_loops_ring, serial_shops, shop, minmay_tripent
D:3:      layout_basic, mainiacjoe_overflow_alcove_4,
          grunt_temple_overflow_gold_and_silver, portal_sewer_entry_a,
          ebering_ecumenical_altar_ruins, minmay_goblin_outpost, uniq_natasha
D:4:      layout_basic, nicolae_overflow_crystal_walls,
          amcnicky_mini_rare_corridor_liquid, uniq_menkaure
D:5:      layout_rooms, serial_shops, shop

Skill      XL: |  1  2  3  4  5  6  7 |
---------------+----------------------+-----
Ranged Weapons | 5 6 7 8 |  8.3
Armour         | 1 |  1.0
Fighting       | 3 4 |  4.7
Dodging        | 2 |  2.0
Stealth        | |  1.1

Action                     |  1- 3 |  4- 6 |  7- 9 || total
---------------------------+-------+-------+-------++-------
   Fire: Shortbow          |   128 |   237 |    47 ||   412
    Use: Scroll            |     2 |     9 |     3 ||    14
         Potion            |       |     7 |       ||     7
 Armour: Leather armour    |    17 |       |       ||    17
         Ring mail         |    13 |   135 |     9 ||   157
         Robe              |       |       |    17 ||    17
  Dodge: Dodged            |    29 |   150 |    22 ||   201

Table legend:
 A = Non-vault XP
 B = Vault XP
 C = Vault XP percentage of total XP
 D = Non-vault monster count
 E = Vault monster count
 F = Vault count percentage of total count
                 A         B        C        D         E       F
            +---------+---------+-------+---------+---------+-------
      Total |     709 |     397 |  35.9 |      76 |      46 |  37.7
            +---------+---------+-------+---------+---------+-------
        D:1 |      41 |       0 |   0.0 |      26 |       0 |   0.0
        D:2 |      41 |       3 |   6.8 |      14 |       2 |  12.5
        D:3 |      94 |      86 |  47.8 |      14 |      17 |  54.8
        D:4 |     533 |     175 |  24.7 |      22 |       1 |   4.3
      Sewer |       0 |     133 | 100.0 |       0 |      26 | 100.0
            +---------+---------+-------+---------+---------+-------
